 Dungeon Crawl Stone Soup version 0.31-a0-276-ge00219d475 (webtiles) character file.

Game seed: 5883296357630123357

44 AIAndy the Changeling (level 3, 0/16 HPs)
             Began as a Felid Shapeshifter on July 15, 2023.
             Slain by a gnoll
             ... wielding a +1 spear of venom
              (9 damage)
             ... on level 3 of the Dungeon.
             The game lasted 00:03:40 (1499 turns).

AIAndy the Changeling (Felid Shapeshifter)          Turns: 1499, Time: 00:03:41

Health: 0/16       AC:  1    Str: 13    XL:     3   Next: 39%
Magic:  4/4        EV: 17    Int:  9    God:
Gold:   65         SH:  5    Dex: 16    Spells: 2/2 levels left
                                        Lives:  0   Deaths: 1

rFire   + .          .
                       - Unarmed
rCold   . . .        (shield unavailable)
rNeg    . . .        (body armour unavailable)
rPois   .            (helmet unavailable)
rElec   .            (cloak unavailable)
rCorr   .            (gloves unavailable)
SInv    +            (boots unavailable)
Will    .....        g - amulet of reflection
Stlth   +            C - ring of protection from cold
HPRegen 0.22/turn    F - ring of fire
MPRegen 0.09/turn

%: reflection
@: beast-form, quick
A: beast (slay +3), very small, claws 1, fangs 3, see invisible, speed 1, shaggy
fur 1, stealthy paws, no weapons or thrown items, no armour, multi-lived
a: Begin Untransformation


You were on level 3 of the Dungeon.
You were a hulking beast.
You visited 1 branch of the dungeon, and saw 3 of its levels.

You collected 65 gold pieces.


Innate Abilities, Weirdness & Mutations

You are a hulking beast.
Your limbs bulge with bestial killing power. (Slay +3)
You have sharp claws.
You have razor-sharp teeth.
You have supernaturally acute eyesight. (SInv)
You cover ground quickly. (Speed+)
You are covered in fur. (AC +1)
Your paws help you pounce on unaware monsters.
You are incapable of wielding weapons or throwing items.
You cannot wear armour.
You gain extra lives every three experience levels.


   Skills:
 - Level 2.0 Fighting
 - Level 2.6 Dodging
 + Level 3.6 Unarmed Combat
 + Level 4.3 Shapeshifting


You had 2 spell levels left.
You didn't know any spells.
Your spell library contained the following spells:

 Spells                   Type           Power      Damage    Failure   Level
 Apportation              Tloc           0%         N/A       38%         1
 Necrotise                Necr           0%         1d4       38%         1
 Summon Small Mammal      Summ           0%         N/A       38%         1

Inventory:

Jewellery
 g - an amulet of reflection (around neck)
 C - a ring of protection from cold (left paw)
 F - a ring of fire (right paw)
Talismans
 b - a beast talisman
Potions
 a - 3 potions of lignification {!q}
 c - a potion of ambrosia {unknown}
 f - a potion of degeneration {!q}

Dungeon Overview and Level Annotations

Branches:
Dungeon (3/15)

Altars:

#.# #.#
.###########.#
.............#
#######.###### #.#
#.# #.#############
#(.....hgggg...
.......[############
..#######


You could see 4 gnolls.


Message History

You closely miss the orc priest.
The orc priest is heavily wounded.
The orc priest misses you.
You scratch the orc priest.
The orc priest is almost dead.
You block the orc priest's attack.
You completely miss the orc priest.
The orc priest is almost dead.
The orc priest hits you with a +0 club.
You die...
Your shape twists and changes as you die.
You are now level 3!
You rejoin the land of the living...
Found a ring mail.
A gnoll comes into view. It is wielding a +1 spear of venom.
A gnoll is nearby!
A gnoll is nearby!
A gnoll comes into view. It is wielding a +0 spear.
A gnoll comes into view. It is wielding a +0 halberd.
The gnoll shouts! x3
A gnoll comes into view. It is wielding a +0 halberd.
The gnoll throws a throwing net.
The throwing net completely misses you.
The gnoll shouts!
The gnoll hits you from afar with a +0 spear.
The gnoll misses you.
You closely miss the gnoll.
The gnoll hits you from afar with a +0 spear.
The gnoll hits you with a +1 spear of venom!
Ouch! That really hurt!
You die...

Skill      XL: |  1  2  3 |
---------------+----------+-----
Unarmed Combat | 3 |  3.6
Shapeshifting  | 4 |  4.3
Fighting       | |  2.0
Dodging        | |  2.6

Action                     |  1- 3 |  4- 6 || total
---------------------------+-------+-------++-------
  Melee: Unarmed           |    93 |    39 ||   132
         Bite              |     9 |     5 ||    14
         Punch             |     3 |       ||     3
    Use: Scroll            |       |     3 ||     3
         Potion            |       |     1 ||     1
   Stab: Sleeping          |     3 |       ||     3
 Armour: Skin              |     7 |     3 ||    10
  Dodge: Dodged            |    65 |    21 ||    86
  Block: Other             |     3 |     6 ||     9

Levels and vault maps discovered:
D:1:      nicolae_arrival_memento_mori, layout_loops_ring
D:2:      layout_loops_cross, shapermc_ecumenical_altar_mp_highgroup,
          minmay_joined_circles
D:3:      layout_loops_ring, portal_sewer_entry_a

Notes
Turn   | Place    | Note
-------+----------+-------------------------------------------
     0 | D:1      | AIAndy the Felid Shapeshifter began the quest for the Orb.
     0 | D:1      | Reached XP level 1. HP: 9/9 MP: 2/2
   147 | D:1      | Reached XP level 2. HP: 13/13 MP: 3/3
   664 | D:2      | Reached XP level 3. HP: 16/16 MP: 4/4
   704 | D:2      | Reached skill level 3 in Unarmed Combat
   709 | D:2      | Reached skill level 4 in Shapeshifting
   911 | D:2      | Found a faded altar of an unknown god.
   993 | D:2      | Reached XP level 4. HP: 16/19 MP: 5/5
  1477 | D:3      | HP: 1/19 [orc priest/+0 club (1)]
  1480 | D:3      | Slain by an orc priest
  1481 | D:3      | Reached XP level 3. HP: -1/16 MP: 4/4
  1499 | D:3      | Slain by a gnoll

Vanquished Creatures
  3 adders (D:2)
  A worm (D:2)
  A dart slug (D:2)
  4 orcs (D:3)
  2 endoplasms
  2 goblins
  9 hobgoblins
  5 jackals (D:1)
  A quokka (D:1)
  5 ball pythons
  12 bats
  A frilled lizard (D:2)
  4 kobolds
  7 rats
57 creatures vanquished.

Table legend: (Time is in decaauts)
 A = Elapsed time spent in this place.
 B = Non-inter-level travel time spent in this place.
 C = Inter-level travel time spent in this place.
 D = Time resting spent in this place.
 E = Time spent auto-exploring this place.
 F = Levels seen in this place.
 G = Mean time per level.
                   A        B        C        D        E       F      G
               +--------+--------+--------+--------+--------+-----+--------+
         Total |   1247 |   1202 |     45 |      0 |    921 |   3 |  415.7 |
       Dungeon |   1247 |   1202 |     45 |      0 |    921 |   3 |  415.7 |
               +--------+--------+--------+--------+--------+-----+--------+

Top non-repeatable levels by time:
     D:2: 680 daAuts
     D:1: 526 daAuts
     D:3: 40 daAuts

Table legend:
 A = Non-vault XP
 B = Vault XP
 C = Vault XP percentage of total XP
 D = Non-vault monster count
 E = Vault monster count
 F = Vault count percentage of total count
                 A         B        C        D         E       F
            +---------+---------+-------+---------+---------+-------
      Total |     105 |      31 |  22.8 |      45 |      12 |  21.1
            +---------+---------+-------+---------+---------+-------
        D:1 |      36 |       0 |   0.0 |      23 |       0 |   0.0
        D:2 |      54 |      31 |  36.5 |      16 |      12 |  42.9
        D:3 |      15 |       0 |   0.0 |       6 |       0 |   0.0
            +---------+---------+-------+---------+---------+-------
